 Dungeon Crawl Stone Soup version 0.23.2-40-g277498a001 (webtiles) character file.

Game seed: 10061433085426259202

272 H0rd4k the Charlatan (level 6, -7/44 HPs)
             Began as a Human Artificer on Aug 29, 2019.
             Killed by nerve-wracking pain
             ... invoked by an orc priest
              (9 damage)
             ... on level 3 of the Dungeon.
             The game lasted 00:03:45 (2559 turns).

H0rd4k the Charlatan (Human Artificer)              Turns: 2559, Time: 00:03:46

Health: -7/44      AC:  4    Str: 14    XL:     6   Next: 48%
Magic:  8/8        EV: 13    Int: 11    God:
Gold:   136        SH:  0    Dex: 14    Spells: 5/5 levels left

rFire    . . .     SeeInvis .   h - +2 short sword (venom)
rCold    . . .     Gourm    .   (no shield)
rNeg     . . .     Faith    .   b - +1 leather armour
rPois    .         Spirit   .   (no helmet)
rElec    .         Reflect  .   (no cloak)
rCorr    .         Harm     .   (no gloves)
MR       .....                  (no boots)
Stlth    ++........             (no amulet)
HPRegen  0.14/turn              (no ring)
MPRegen  0.11/turn              (no ring)

@: no status effects
A: no striking features
a: no special abilities


You were on level 3 of the Dungeon.
You were very hungry.

You visited 1 branch of the dungeon, and saw 3 of its levels.

You collected 136 gold pieces.

Inventory:

Hand Weapons
 a - a +0 short sword
 h - a +2 short sword of venom (weapon)
Armour
 b - a +1 leather armour (worn)
Jewellery
 j - a +3 ring of evasion {unknown}
 m - an uncursed ring of resist corrosion {unknown}
 o - an uncursed ring of flight {unknown}
 q - a +4 ring of intelligence {unknown}
Wands
 c - a wand of flame (7)
 d - a wand of enslavement (15)
 e - a wand of random effects (13)
Scrolls
 g - a scroll of fog {unknown}
 l - 2 scrolls of identify
 n - a scroll of teleportation {unknown}
 p - a scroll of blinking
Potions
 i - 2 potions of mutation
 k - 4 potions of curing
Comestibles
 f - 3 rations


   Skills:
 + Level 1.8 Fighting
 + Level 3.6 Short Blades
 + Level 2.3 Armour
 + Level 3.0 Dodging
 + Level 1.6 Stealth
 + Level 3.9 Evocations


You had 5 spell levels left.
You didn't know any spells.
Your spell library was empty.

Dungeon Overview and Level Annotations

Branches:
Dungeon (3/15)

Altars:

Annotations:
D:3 1 runed translucent door, kalagan's ghost, amateur DESu


Message History

The orc priest is moderately wounded.
The orc priest calls down the wrath of Beogh upon you.
Pain shoots through your body!
* * * LOW HITPOINT WARNING * * *
Evoke which item? (* to show all) (? for menu, Esc to quit)
Aiming: Throw Flame
Press: ? - help, Shift-Dir - straight line, f/p - orc priest
Aim: an orc priest, wielding a +0 club (almost dead)
The puff of flame hits the orc priest.
You kill the orc priest!
Your Dodging skill increases to level 3!
Evoke which item? (* to show all) (? for menu, Esc to quit)
Aiming: Random Effects
Press: ? - help, Shift-Dir - straight line, f - orc priest
Aim: an orc priest, wielding a +0 trident and wearing a +0 leather armour (moderately wounded)
The puff of frost hits the orc priest.
The orc priest is heavily wounded.
The orc priest invokes the aid of Beogh against you.
Pain shoots through your body!
You die...

..##..# #.# ...#.##
###.### .....#
#.<...# ##...#
#.....# #...# #.....#
#...#### #.)...#
#......# #....>#
###...#.### ###..##
#...#.....# ##@#
..#####...# #.#
.##### #### #)#
.....### ######o####
.......####.....))..#
..................###
#...#.............#
##..#######.......###
#### #.........# #


You could see an orc priest.

Vanquished Creatures
  A crimson imp (D:2)
  2 orc priests (D:3)
  An orc wizard (D:3)
  4 gnolls (D:2)
  4 adders (D:2)
  4 oozes (D:1)
  2 dart slugs (D:2)
  3 leopard geckos
  An orc (D:3)
  8 bats
  7 giant cockroaches
  2 goblins (D:1)
  6 hobgoblins
  3 frilled lizards (D:2)
  10 kobolds
  5 rats
63 creatures vanquished.

Notes
Turn   | Place    | Note
-------+----------+-------------------------------------------
     0 | D:1      | H0rd4k the Human Artificer began the quest for the Orb.
     0 | D:1      | Reached XP level 1. HP: 15/15 MP: 3/3
    45 | D:1      | Reached XP level 2. HP: 14/21 MP: 4/4
   190 | D:1      | Reached XP level 3. HP: 16/26 MP: 5/5
  1452 | D:2      | Reached XP level 4. HP: 19/32 MP: 6/6
  1707 | D:2      | Reached skill level 1 in Armour
  1769 | D:2      | Reached XP level 5. HP: 34/37 MP: 7/7
  2364 | D:3      | Reached XP level 6. HP: 39/43 MP: 8/8
  2427 | D:3      | Found a runed translucent door.
  2427 | D:3      | Noticed kalagan's ghost (amateur DESu)
  2539 | D:3      | Noticed an ice beast
  2557 | D:3      | HP: 2/44 [orc priest/nerve-wracking pain (13)]
  2559 | D:3      | Killed from afar by an orc priest

Skill      XL: |  1  2  3  4  5  6 |
---------------+-------------------+-----
Short Blades   | 2 3 |  3.6
Armour         | 1 2 |  2.3
Dodging        | 3 |  3.0
Fighting       | |  1.8
Stealth        | |  1.6
Evocations     | |  3.9

Action                   |  1- 3 |  4- 6 || total
-------------------------+-------+-------++-------
Melee: Short sword       |   117 |    97 ||   214
       Dagger            |    23 |       ||    23
Evoke: Wand              |     4 |     6 ||    10
  Use: Scroll            |     4 |     1 ||     5
 Stab: Sleeping          |     1 |     1 ||     2
  Eat: Chunk             |     1 |     3 ||     4
Armor: Leather armour    |    38 |    18 ||    56
Dodge: Dodged            |    86 |    66 ||   152
